 Dungeon Crawl Stone Soup version 0.31.0-11-ge490571c62 (webtiles) character file.

Game seed: 6353560957476055209

273 Ashen the Sneak (level 6, -1/44 HPs)
             Began as a Gnoll Enchanter on Feb 5, 2024.
             Killed from afar by an orc wizard (6 damage)
             ... with a magic dart
             ... on level 4 of the Dungeon.
             The game lasted 00:11:12 (3940 turns).

Ashen the Sneak (Gnoll Enchanter)                   Turns: 3940, Time: 00:11:13

Health: -1/44      AC:  4    Str:  8    XL:     6   Next: 23%
Magic:  4/14       EV: 14    Int: 14    God:
Gold:   184        SH:  0    Dex: 14    Spells: 4/15 levels left

rFire   . . .        a - +1 dagger
rCold   . . .        (no shield)
rNeg    . . .        b - +0 robe
rPois   .            (no helmet)
rElec   .            (no cloak)
rCorr   .            w - +1 pair of gloves
SInv    .            (no boots)
Will    .....        (no amulet)
Stlth   +++          (no ring)
HPRegen 0.27/turn    (no ring)
MPRegen 0.14/turn

%: no passive effects
@: confusing by touch, very slightly contaminated
A: fangs 1, strong nose, distributed training
a: no special abilities


You were on level 4 of the Dungeon.
You visited 1 branch of the dungeon, and saw 4 of its levels.

You collected 184 gold pieces.

Inventory:

Hand Weapons
 a - a +1 dagger (weapon)
 i - a +0 spear of venom
 o - a +1 falchion of freezing
 v - a +3 short sword
Missiles
 r - 7 poisoned darts (quivered)
Armour
 b - a +0 robe (worn)
 w - a +1 pair of gloves (worn)
Wands
 u - a wand of flame (23)
Scrolls
 d - 3 scrolls of identify {unknown}
 f - a scroll of noise {unknown}
 h - 2 scrolls of teleportation {unknown}
 j - a scroll of poison {unknown}
 m - a scroll of revelation {unknown}
 p - a scroll of enchant weapon {unknown}
 s - a scroll of vulnerability {unknown}
 t - a scroll of enchant armour {unknown}
Potions
 c - 2 potions of invisibility
 e - a potion of haste {unknown}
 g - 4 potions of heal wounds {unknown}
 k - 2 potions of curing {unknown}
 l - a potion of attraction {unknown}
 n - 2 potions of brilliance {unknown}
 q - a potion of magic {unknown}
 x - a potion of might {unknown}


   Skills:
 + Level 2.0 Fighting
 + Level 3.2 Short Blades
 + Level 2.0 Long Blades
 + Level 2.0 Axes
 + Level 2.0 Maces & Flails
 + Level 2.0 Polearms
 + Level 2.0 Staves
 + Level 2.0 Ranged Weapons
 + Level 2.0 Throwing
 + Level 2.0 Armour
 + Level 5.0 Dodging
 + Level 6.3 Stealth
 + Level 2.0 Shields
 + Level 2.0 Unarmed Combat
 + Level 5.3 Spellcasting
 + Level 1.5 Conjurations
 + Level 5.6 Hexes
 + Level 1.5 Summonings
 + Level 1.5 Necromancy
 + Level 1.5 Translocations
 + Level 1.5 Fire Magic
 + Level 1.5 Ice Magic
 + Level 1.5 Air Magic
 + Level 1.5 Earth Magic
 + Level 1.5 Alchemy
 + Level 2.1 Invocations
 + Level 2.0 Evocations
 + Level 1.7 Shapeshifting


You had 4 spell levels left.
You knew the following spells:

 Your Spells              Type           Power      Damage    Failure   Level
a - Ensorcelled Hibernat  Hex/Ice        26%        N/A       6%          2
b - Confusing Touch       Hex            19%        N/A       4%          3
c - Tukima's Dance        Hex            19%        N/A       4%          3
d - Dazzling Flash        Conj/Hex       26%        N/A       12%         3

Your spell library contained the following spells:

 Spells                   Type           Power      Damage    Failure   Level
 Passwall                 Erth           8%         N/A       26%         3
 Swiftness                Air            8%         N/A       26%         3


Dungeon Overview and Level Annotations

Branches:
Dungeon (4/15)
 Temple: D:4-7

Altars:


Innate Abilities, Weirdness & Mutations

You have very sharp teeth.
Your uncanny sense of smell can sniff out nearby items.
Your experience applies equally to all skills.


Message History

Press: ? - help, Shift-Dir - straight line, f - kobold
Aim: a kobold, wielding a +0 dagger (chance to affect: 64%)
The kobold looks drowsy...
Something barely misses you.
The helpless kobold fails to defend itself.
You impale the kobold!!
You kill the kobold!
Something hits you but does no damage.
Casting: Ensorcelled Hibernation (safe; 6% risk of failure)
Confirm with . or Enter, or press ? or * to list all spells.
Aiming: Ensorcelled Hibernation (safe; 6% risk of failure)
Press: ? - help, Shift-Dir - straight line, f - orc
Aim: an orc, wielding a +0 short sword (chance to affect: 64%)
The orc looks drowsy...
Something hits you but does no damage.
The helpless orc fails to defend itself.
You impale the orc!!
You kill the orc!
Something hits you.
* * * LOW HITPOINT WARNING * * *
You barely miss something. Your bite misses something.
You hit something but do no damage. Something hits you.
* * * LOW HITPOINT WARNING * * *
You completely miss something. Something hits you.
* * * LOW HITPOINT WARNING * * *
Casting: Ensorcelled Hibernation (safe; 6% risk of failure)
Confirm with . or Enter, or press ? or * to list all spells.
You miscast Confusing Touch.
You are very lightly contaminated with residual magic.
Nothing appears to happen.
You hear some strange, mumbled words.
A puff of flame appears from out of thin air!
The puff of flame misses you.
Casting: Confusing Touch (dangerous; 4% risk of failure)
Confirm with . or Enter, or press ? or * to list all spells.
Your hands begin to glow red.
Something hits you.
* * * LOW HITPOINT WARNING * * *
You miss something.
You hear some strange, mumbled words.
A magic dart appears from out of thin air!
The magic dart hits you.
You die...

#.# #.# #.##....#.##
##########.#
#.####.###.#.#.#
#...)......#
#..........#.#.#
#.##########
##...........#.# #.#
#.###.#####.#.## #.# #.#
#.# #.#... #.# #.# #.#
#..... #.# ###########.#
#o# #)####
#.######........@#.# ...
#.## #
#........#####..{)....#.
.....# #.########
#...#.##... #.. #.#
#####.# #.. #.# # #>#
#.# #. #.# #.. #.# #.#
#.# ..


There were no monsters in sight!

Vanquished Creatures
  Jessica (D:2)
  Terence (D:2)
  3 orc wizards (D:4)
  2 adders
  A ribbon worm (D:3)
  2 dart slugs (D:2)
  10 orcs
  10 endoplasms
  13 giant cockroaches
  8 goblins
  8 hobgoblins
  5 jackals
  5 quokkas
  7 ball pythons
  3 bats
  8 kobolds
  8 rats
95 creatures vanquished.

Vanquished Creatures (others)
  An orc wizard (D:4)
1 creature vanquished.

Grand Total: 96 creatures vanquished

Notes
Turn   | Place    | Note
-------+----------+-------------------------------------------
     0 | D:1      | Ashen the Gnoll Enchanter began the quest for the Orb.
     0 | D:1      | Reached XP level 1. HP: 13/13 MP: 6/6
   170 | D:1      | Reached XP level 2. HP: 12/19 MP: 7/7
   183 | D:1      | HP: 1/20 [kobold/+0 whip (5)]
   189 | D:1      | HP: 1/20 [jackal (1)]
   631 | D:1      | Reached skill level 5 in Spellcasting
   631 | D:1      | Reached XP level 3. HP: 25/25 MP: 7/9
  1116 | D:1      | Learned a level 2 spell: Ensorcelled Hibernation
  1120 | D:1      | Learned a level 3 spell: Confusing Touch
  1124 | D:1      | Learned a level 3 spell: Tukima's Dance
  1128 | D:1      | Learned a level 3 spell: Dazzling Flash
  1142 | D:2      | Reached skill level 6 in Stealth
  1235 | D:2      | Reached skill level 1 in Invocations
  1386 | D:2      | Reached skill level 1 in Fighting
  1386 | D:2      | Reached skill level 1 in Long Blades
  1386 | D:2      | Reached skill level 1 in Axes
  1386 | D:2      | Reached skill level 1 in Maces & Flails
  1386 | D:2      | Reached skill level 1 in Polearms
  1386 | D:2      | Reached skill level 1 in Staves
  1386 | D:2      | Reached skill level 1 in Ranged Weapons
  1386 | D:2      | Reached skill level 1 in Throwing
  1386 | D:2      | Reached skill level 1 in Armour
  1386 | D:2      | Reached skill level 1 in Shields
  1386 | D:2      | Reached skill level 1 in Unarmed Combat
  1386 | D:2      | Reached skill level 1 in Evocations
  1457 | D:2      | Noticed Terence
  1464 | D:2      | Killed Terence
  1465 | D:2      | Reached skill level 1 in Shapeshifting
  1465 | D:2      | Reached XP level 4. HP: 25/32 MP: 3/11
  1641 | D:2      | Reached skill level 1 in Conjurations
  1641 | D:2      | Reached skill level 1 in Summonings
  1641 | D:2      | Reached skill level 1 in Necromancy
  1641 | D:2      | Reached skill level 1 in Translocations
  1641 | D:2      | Reached skill level 1 in Fire Magic
  1641 | D:2      | Reached skill level 1 in Ice Magic
  1641 | D:2      | Reached skill level 1 in Air Magic
  1641 | D:2      | Reached skill level 1 in Earth Magic
  1641 | D:2      | Reached skill level 1 in Alchemy
  1824 | D:2      | Noticed Jessica
  1830 | D:2      | Killed Jessica
  2233 | D:3      | Reached XP level 5. HP: 37/37 MP: 12/12
  3570 | D:4      | HP: 1/38 [something/magic dart (7)]
  3573 | D:4      | Reached XP level 6. HP: 2/44 MP: 11/14
  3923 | D:4      | Reached skill level 5 in Dodging
  3940 | D:4      | Killed from afar by an orc wizard

Illustrated notes

Levels and vault maps discovered:
D:1:      ncdulo_halloftheorcs, layout_basic, roderic_roman_lattice,
          chequers_arboretum
D:2:      wander_river, layout_loops_corners, minmay_pentomino_o2, uniq_terence,
          uniq_jessica
D:3:      minmay_roachtagon, layout_loops_ring
D:4:      layout_loops_ring, portal_sewer_entry_e

Skill      XL: |  1  2  3  4  5  6 |
---------------+-------------------+-----
Spellcasting   | 5 |  5.3
Stealth        | 6 |  6.3
Invocations    | 1 2 |  2.1
Fighting       | 1 2 |  2.0
Long Blades    | 1 2 |  2.0
Axes           | 1 2 |  2.0
Maces & Flails | 1 2 |  2.0
Polearms       | 1 2 |  2.0
Staves         | 1 2 |  2.0
Ranged Weapons | 1 2 |  2.0
Throwing       | 1 2 |  2.0
Armour         | 1 2 |  2.0
Shields        | 1 2 |  2.0
Unarmed Combat | 1 2 |  2.0
Evocations     | 1 2 |  2.0
Shapeshifting  | 1 |  1.7
Conjurations   | 1 |  1.5
Summonings     | 1 |  1.5
Necromancy     | 1 |  1.5
Translocations | 1 |  1.5
Fire Magic     | 1 |  1.5
Ice Magic      | 1 |  1.5
Air Magic      | 1 |  1.5
Earth Magic    | 1 |  1.5
Alchemy        | 1 |  1.5
Short Blades   | 3 |  3.2
Dodging        | 5 |  5.0
Hexes          | |  5.6

Action                     |  1- 3 |  4- 6 || total
---------------------------+-------+-------++-------
  Melee: Dagger            |    93 |   226 ||   319
         Bite              |    10 |    19 ||    29
         Punch             |       |     2 ||     2
  Throw: Dart              |       |    10 ||    10
   Cast: Ensorcelled Hiber |     2 |    34 ||    36
         Confusing Touch   |       |     1 ||     1
    Use: Potion            |     1 |     1 ||     2
   Stab: Sleeping          |    14 |    33 ||    47
         Invisible         |     3 |       ||     3
         Distracted        |       |     1 ||     1
 Armour: Robe              |    29 |   122 ||   151
  Dodge: Dodged            |    47 |   105 ||   152
